 Dungeon Crawl Stone Soup version 0.30.1-9-gdf580d7c3d (webtiles) character file.

Game seed: 12906647509726714920

191 Peloso the Covered (level 5, -1/47 HPs)
             Began as a Minotaur Fighter on Oct 18, 2023.
             Killed from afar by a white imp (9 damage)
             ... with a puff of frost
             ... summoned by Eustachio
             ... on level 4 of the Dungeon.
             The game lasted 00:04:37 (2399 turns).

Peloso the Covered (Minotaur Fighter)               Turns: 2399, Time: 00:04:38

Health: -1/47      AC: 12    Str: 21    XL:     5   Next: 41%
Magic:  4/4        EV:  8    Int:  5    God:
Gold:   167        SH:  8    Dex: 11    Spells: 4/4 levels left

rFire   . . .        c - +2 hand axe (vamp)
rCold   . . .        d - +0 kite shield
rNeg    + . .        m - +0 pearl dragon scales
rPois   .            (helmet restricted)
rElec   .            (no cloak)
rCorr   .            (no gloves)
SInv    .            (no boots)
Will    .....        (no amulet) Stlth
                     (no ring)
HPRegen 0.27/turn    (no ring)
MPRegen 0.09/turn

%: no passive effects
@: no status effects
A: horns 2, retaliatory headbutt
a: no special abilities


You were on level 4 of the Dungeon.
You visited 1 branch of the dungeon, and saw 4 of its levels.

You collected 167 gold pieces.

Inventory:

Hand Weapons
 a - a +0 long sword
 c - a +2 vampiric hand axe (weapon)
Armour
 b - a +0 plate armour
 d - a +0 kite shield (worn)
 m - +0 pearl dragon scales (worn)
Jewellery
 q - a +6 ring of dexterity
 s - a ring of ice
Scrolls
 e - 3 scrolls of magic mapping {unknown}
 f - 5 scrolls of teleportation {unknown}
 h - 6 scrolls of identify {unknown}
 k - a scroll of enchant armour {unknown}
 n - a scroll of fear {unknown}
 p - a scroll of silence {unknown}
 r - 2 scrolls of vulnerability {unknown}
Potions
 g - 2 potions of might
 i - a potion of heal wounds {unknown}
 j - a potion of berserk rage {unknown}
 l - a potion of cancellation {unknown}
 o - 2 potions of flight {unknown}


   Skills:
 + Level 4.3 Fighting
 + Level 2.8 Long Blades
 + Level 3.0 Axes
 + Level 4.6 Armour
 + Level 1.8 Dodging
 + Level 0.4 Stealth
 + Level 4.4 Shields


You had 4 spell levels left.
You didn't know any spells.
Your spell library contained the following spells:

 Spells                   Type           Power      Damage    Failure   Level
 Freeze                   Ice            0%         1d3       98%         1
 Frozen Ramparts          Ice            0%         1d1       100%        3
 Gell's Gravitas          Tloc           0%         N/A       100%        3
 Hailstorm                Conj/Ice       0%         3d3       100%        3
 Teleport Other           Tloc           0%         N/A       100%        3
 Iskenderun's Battlesphe  Conj           0%         2d6       100%        5
 Dispersal                Tloc           0%         N/A       100%        6
 Iron Shot                Conj/Erth      0%         9d1       100%        6
 Spellforged Servitor     Conj/Summ      0%         N/A       100%        7


Dungeon Overview and Level Annotations

Branches:
Dungeon (4/15)
 Temple: D:4-7

Altars:
Makhleb
Qazlal
Zin

Shops:
D:4 **

Annotations:
D:3 1 runed translucent door, Crazy Yiuf
D:4 Eustachio


Innate Abilities, Weirdness & Mutations

You have a pair of horns on your head.
You reflexively headbutt those who attack you in melee.


Message History

Eustachio mumbles some strange words.
Eustachio blinks!
The shadow imp gestures at you.
You barely resist. The shadow imp gestures at you.
You barely resist.
Eustachio gestures wildly while chanting.
Eustachio blinks!
You hit the quokka.
You kill the quokka!
The quokka's corpse disappears in a puff of smoke!
You closely miss the shadow imp. The shadow imp barely misses you.
You furiously retaliate!
You headbutt the shadow imp!
You kill the shadow imp!
The shadow imp disappears in a puff of smoke!
The white imp hits you but does no damage.
You hit the white imp.
The white imp is lightly wounded.
You block the white imp's attack.
Unknown command.
You slash the white imp! You headbutt the white imp.
You kill the white imp!
The white imp disappears in a puff of smoke!
The white imp hits you. The white imp freezes you.
* * * LOW HITPOINT WARNING * * *
Unknown command.
You barely miss the white imp. The white imp barely misses you.
Unknown command.
You hit the white imp.
The white imp is severely wounded.
The white imp gestures at you. The puff of frost hits you.
* * * LOW HITPOINT WARNING * * *
Eustachio gestures wildly while chanting.
Unknown command.
You closely miss the white imp. Your headbutt misses the white imp.
The white imp is severely wounded.
The white imp gestures at you. The puff of frost hits you!
You die...

......... ......... #.......#
#......## #........ #####......#
.##.#...... #...†)##.#
#............
#.....##b####..............
#......r@5@..$.#.. .......
#....###r#######....#.#...#
####.###.### ....#.....#
##...).....##.....#..##..
#........... ...#....(.)†
##........... #..##..##..# ♣♣♣
#............##........... ♣♣∩♣♣
#.#..........>............
♣...♣###.#####.####......##...#..


You could see Eustachio, a white imp (summoned), a quokka (summoned), a bat
(summoned) and a rat (summoned).

Vanquished Creatures
  A jelly (D:3)
  Natasha (D:4)
  6 adders
  A worm (D:2)
  2 dart slugs
  2 orcs
  11 endoplasms
  4 giant cockroaches
  8 goblins
  4 hobgoblins
  6 jackals
  6 kobolds
  A quokka (D:2)
  4 ball pythons
  3 bats (D:1)
  4 frilled lizards
  10 rats
74 creatures vanquished.

Notes
Turn   | Place    | Note
-------+----------+-------------------------------------------
     0 | D:1      | Peloso the Minotaur Fighter began the quest for the Orb.
     0 | D:1      | Reached XP level 1. HP: 19/19 MP: 0/0
    85 | D:1      | Reached XP level 2. HP: 27/27 MP: 1/1
   381 | D:1      | Reached XP level 3. HP: 28/33 MP: 2/2
   889 | D:2      | Reached skill level 1 in Dodging
  1062 | D:2      | Reached XP level 4. HP: 38/40 MP: 3/3
  1063 | D:2      | Reached skill level 1 in Axes
  1528 | D:3      | Found a stormy altar of Qazlal.
  1567 | D:3      | Found a runed translucent door.
  1568 | D:3      | Noticed Crazy Yiuf
  1634 | D:3      | Found a faded altar of an unknown god.
  1662 | D:3      | Identified the +5 quarterstaff of the Doomed Warrior
                  | {freeze, Drain rF+ rC+}
  1857 | D:3      | Found a burning altar of Makhleb.
  2197 | D:4      | Found Zin's Purification Station.
  2197 | D:4      | Found a glowing silver altar of Zin.
  2236 | D:4      | Noticed Natasha
  2240 | D:4      | Reached XP level 5. HP: 46/46 MP: 4/4
  2246 | D:4      | Killed Natasha
  2315 | D:4      | Found Miavesh's Fire Supplies.
  2361 | D:4      | Noticed Eustachio
  2399 | D:4      | Killed from afar by a white imp

Illustrated notes

Levels and vault maps discovered:
D:1:      minmay_arrival_hallway, layout_loops_ring
D:2:      layout_basic, minmay_diced_spiral
D:3:      layout_basic, mainiacjoe_overflow_brackets, lightli_temple_of_fire,
          ebering_ecumenical_altar_mist, uniq_crazy_yiuf_cottage
D:4:      layout_rooms, zin_purify, nicolae_shop_fire_sale
          [nicolae_sub_dead_trees], hangedman_feature_mirror,
          serial_bayou_pond_b, uniq_eustachio, uniq_natasha, uniq_sigmund

Skill      XL: |  1  2  3  4  5 |
---------------+----------------+-----
Armour         | 4 |  4.6
Fighting       | 4 |  4.3
Shields        | 4 |  4.4
Dodging        | 1 |  1.8
Axes           | 2 3 |  3.0
Long Blades    | |  2.8
Stealth        | |  0.4

Action                     |  1- 3 |  4- 6 || total
---------------------------+-------+-------++-------
  Melee: Long sword        |    11 |       ||    11
         Headbutt          |     6 |     7 ||    13
         Hand axe          |    63 |    73 ||   136
 Armour: Scale mail        |    39 |     4 ||    43
         Pearl dragon scal |       |    45 ||    45
  Dodge: Dodged            |    48 |    40 ||    88
  Block: Buckler           |    23 |     5 ||    28
         Kite shield       |       |    35 ||    35
